 Dungeon Crawl Stone Soup version 0.31-a0-175-g9f7f995f2b (webtiles) character file.

Game seed: 5605331570961435642

10801 qw the Skirmisher (level 11, -11/106 HPs)
             Began as a Naga Hunter on June 17, 2023.
             Was a Priest of Okawaru.
             Mangled by Harold
             ... wielding a +0 trident
              (17 damage)
             ... on level 1 of the Lair of Beasts.
             The game lasted 00:04:38 (8406 turns).

qw the Skirmisher (Naga Hunter)                     Turns: 8406, Time: 00:04:39

Health: -11/106    AC: 11    Str: 13    XL:     11   Next: 67%
Magic:  16/16      EV: 15    Int: 10    God:    Okawaru [***...]
Gold:   555        SH:  0    Dex: 19    Spells: 10/10 levels left

rFire   + . .        Y - +1 orcbow
rCold   . . .        (shield currently unavailable)
rNeg    + . .        e - +0 troll leather armour {Pargi}
rPois   +            n - +0 helmet
rElec   .            p - +0 cloak
rCorr   .            f - +1 pair of gloves
SInv    +            (no barding)
Will    +....        h - amulet of regeneration
Stlth   +++          g - ring of positive energy
HPRegen 1.97/turn    m - ring of protection from fire
MPRegen 0.15/turn

%: no passive effects
@: short of breath, heroic, very slow
A: AC +3, large, see invisible, deformed body, poison resistance, slowness 2,
spit poison 1, naga tail 1, high MP 1
a: Spit Poison, Renounce Religion, Heroism


You were on level 1 of the Lair of Beasts.
You worshipped Okawaru.
Okawaru was most pleased with you.
You visited 3 branches of the dungeon, and saw 13 of its levels.
You also visited: Sewer and Ossuary.

You collected 555 gold pieces.


Innate Abilities, Weirdness & Mutations

Your serpentine skin is tough. (AC +3)
You have supernaturally acute eyesight. (SInv)
Armour fits poorly on your strangely shaped body.
Your system is resistant to poisons. (rPois)
You cover ground very slowly.
You can spit poison.
You have a snake-like lower body.
You have an increased reservoir of magic. (+10% MP)


   Skills:
 - Level 9.0(14.0) Fighting
 - Level 13.1(18.1) Ranged Weapons
 + Level 2.3(7.3) Armour
 - Level 5.0(10.0) Dodging
 - Level 1.5(6.5) Stealth
 - Level 5.1 Invocations


You had 10 spell levels left.
You didn't know any spells.
Your spell library was empty.

Inventory:

Hand Weapons
 Y - a +1 orcbow (weapon)
Armour
 e - a +0 troll leather armour (worn) {Pargi}
 f - a +1 pair of gloves (worn)
 n - a +0 helmet (worn)
 p - a +0 cloak (worn)
Jewellery
 d - a ring of fire
 g - a ring of positive energy (left hand)
 h - an amulet of regeneration (around neck)
 m - a ring of protection from fire (right hand)
Scrolls
 i - 3 scrolls of identify
Potions
 a - 4 potions of curing
 b - a potion of might
 j - 3 potions of mutation
 k - a potion of cancellation
 l - 3 potions of enlightenment

Dungeon Overview and Level Annotations

Branches:
Dungeon (11/15)            Temple (1/1) D:7            Lair (1/5) D:10
  Sewer (visited)         Ossuary (visited)
    Orc: D:9-12

Altars:
Ashenzari
Cheibriados
Dithmenos
Elyvilon
Fedhas
Gozag
Hepliaklqana
Kikubaaqudgha
Makhleb
Nemelex Xobeh
Okawaru
Qazlal
Ru
Sif Muna
Trog
Uskayaw
Vehumet
Wu Jian
Xom
Yredelemnul
Zin
The Shining One

Annotations:
Lair:1 Harold


Message History

The wolf is severely wounded.
The wolf bites you.
The wolf bites you but does no damage. x2
The wolf barely misses you. The wolf bites you.
Harold hits you from afar with a +0 trident.
A yak comes into view.
The wolf closely misses you.
You shoot an arrow. The yak bellows!
The arrow hits the wolf!
You kill the wolf!
Okawaru accepts your kill.
The wolf bites you but does no damage. x2
A wolf comes into view.
The wolf misses you. Harold closely misses you.
You shoot an arrow. The wolf howls!
The arrow hits the wolf!
You kill the wolf!
Okawaru accepts your kill.
You hear a bellow!
The wolf barely misses you. The wolf bites you. x2
The wolf closely misses you. The wolf bites you.
Your base Dodging skill increases to level 5!
You shoot an arrow. The arrow hits the water moccasin!!
The water moccasin is severely wounded.
You have got your breath back.
The wolf closely misses you.
The water moccasin bites you but does no damage.
Harold misses you. The wolf misses you. The wolf bites you!
The wolf barely misses you.
8406 ||| INVOKING Spit Poison.
Aiming: Spit Poison (1% risk of failure)
Press: ? - help, Shift-Dir - straight line, f - wolf, p - water moccasin The splash of poison hits the wolf.
The wolf is poisoned.
The wolf is lightly wounded.
The water moccasin bites you but does no damage.
The wolf closely misses you. The wolf bites you. The wolf barely misses you.
The wolf closely misses you.
Harold hits you from afar with a +0 trident!
You die...

########
############..##P.###
....................#
....................#
....h...............#
...Y................##
......hhS............#
.....hh@..........<.##
......hP.############
.....@#### ......
..... ..... .... ....


You could see Harold, a yak, a water moccasin and 6 wolves.

Vanquished Creatures
  Gastronok (D:9)
  A two-headed ogre (D:8)
  Sonja (D:10)
  Nergalle (D:10)
  Joseph (D:9)
  Maggie (D:9)
  A troll (D:10)
  Sigmund (D:3)
  A wyvern (D:7)
  10 yaks
  A steam dragon (D:7)
  2 acid dragons
  Pargi (Sewer)
  2 black bears
  3 orc warriors
  2 sky beasts (D:7)
  2 ogres
  2 wolves (Lair:1)
  3 centaurs
  2 phantoms
  2 kobold brigands
  2 bullfrogs (D:8)
  15 scorpions
  16 wights
  4 killer bees (D:9)
  A howler monkey (D:9)
  2 vampire bats (D:10)
  7 hounds
  4 human zombies (Ossuary)
  7 orc priests
  A jelly (D:4)
  2 sleepcaps
  2 gnoll boudas
  5 iguanas
  9 orc wizards
  4 scorpion zombies (Ossuary)
  3 mummies (Ossuary)
  Robin (D:3)
  13 gnolls
  7 adders
  A shadow imp (D:8)
  2 white imps (D:6)
  An ufetubus (D:4)
  5 worms
  5 dart slugs
  20 orcs
  4 bat skeletons (D:10)
  2 bat zombies (D:10)
  5 endoplasms
  A giant cockroach (D:3)
  20 goblins
  9 hobgoblins
  19 kobolds
  5 quokkas
  7 ball pythons
  9 bats
  2 frilled lizards
  4 gnoll zombies (Ossuary)
  3 goblin zombies (Ossuary)
  A hobgoblin zombie (Ossuary)
  A jackal zombie (D:4)
  A kobold zombie (Ossuary)
  An orc zombie (Ossuary)
  3 rats
277 creatures vanquished.

Notes
Turn   | Place    | Note
-------+----------+-------------------------------------------
     0 | D:1      | qw the Naga Hunter began the quest for the Orb.
     0 | D:1      | Reached XP level 1. HP: 19/19 MP: 1/1
     0 | D:1      | 0 ||| qw: Version: 0.3-a-2-g5ab2908
     0 | D:1      | 0 ||| qw: Game counter: 170
     0 | D:1      | 0 ||| qw: Always use a shield: true
     0 | D:1      | 0 ||| qw: God list: Okawaru
     0 | D:1      | 0 ||| qw: Allow faded altars: false
     0 | D:1      | 0 ||| qw: Do Orc after D:15 true
     0 | D:1      | 0 ||| qw: Do second Lair branch before Depths: true
     0 | D:1      | 0 ||| qw: Lair rune preference: random
     0 | D:1      | 0 ||| qw: Plans: Normal
     0 | D:1      | 0 ||| PLANNING D:1-11
     2 | D:1      | Noticed a demonspawn
     2 | D:1      | Noticed a gargoyle
     4 | D:1      | Noticed a merfolk
     4 | D:1      | Noticed a draconian
     6 | D:1      | Noticed an armataur
     6 | D:1      | Noticed an ogre
     8 | D:1      | Noticed a formicid
     8 | D:1      | Noticed a minotaur
    10 | D:1      | Noticed a demigod
    10 | D:1      | Noticed a spriggan
    12 | D:1      | Noticed a human
    12 | D:1      | Noticed a tengu
    16 | D:1      | Noticed an elf
    16 | D:1      | Noticed a naga
    18 | D:1      | Noticed a meteoran
    18 | D:1      | Noticed a vine stalker
    20 | D:1      | Noticed a vampire
    22 | D:1      | Noticed a felid
    22 | D:1      | Noticed a ghoul
    24 | D:1      | Noticed a minotaur
    24 | D:1      | Noticed an octopode
    26 | D:1      | Noticed a minotaur
    26 | D:1      | Noticed an elf
    41 | D:1      | 41 ||| FLEEEEING.
    42 | D:1      | 42 ||| FLEEEEING.
    43 | D:1      | 43 ||| FLEEEEING.
    44 | D:1      | 44 ||| FLEEEEING.
    65 | D:1      | 65 ||| INVOKING Spit Poison.
   145 | D:1      | Found a faded altar of an unknown god.
   212 | D:1      | 212 ||| INVOKING Spit Poison.
   217 | D:1      | 217 ||| INVOKING Spit Poison.
   262 | D:1      | 262 ||| INVOKING Spit Poison.
   264 | D:1      | Reached skill level 4 in Ranged Weapons
   264 | D:1      | Reached XP level 2. HP: 26/26 MP: 2/2
   317 | D:1      | 317 ||| READING scroll labelled JUDDETT WEAB.
   318 | D:1      | 318 ||| INVOKING Spit Poison.
   322 | D:1      | 322 ||| INVOKING Spit Poison.
   326 | D:1      | 326 ||| INVOKING Spit Poison.
   434 | D:1      | 434 ||| UPGRADING to +0 pair of gloves.
   439 | D:1      | 439 ||| INVOKING Spit Poison.
   448 | D:1      | 448 ||| INVOKING Spit Poison.
   524 | D:1      | 524 ||| INVOKING Spit Poison.
   557 | D:1      | 557 ||| INVOKING Spit Poison.
   568 | D:1      | 568 ||| INVOKING Spit Poison.
   576 | D:1      | 576 ||| UPGRADING to amulet of regeneration.
   581 | D:1      | 581 ||| INVOKING Spit Poison.
   635 | D:1      | 635 ||| INVOKING Spit Poison.
   679 | D:1      | 679 ||| INVOKING Spit Poison.
   919 | D:1      | 919 ||| READING scroll labelled JAOCOA RAISMUT.
   920 | D:1      | 920 ||| READING scroll labelled QISOOTHRERPHU.
   921 | D:1      | 921 ||| READING scroll labelled FIARARAILI.
   922 | D:1      | 922 ||| DROPPING scroll of butterflies.
   960 | D:2      | Noticed a scorpion
   963 | D:2      | 963 ||| INVOKING Spit Poison.
   969 | D:2      | 969 ||| INVOKING Spit Poison.
   970 | D:2      | Killed a scorpion
   971 | D:2      | Reached skill level 5 in Ranged Weapons
   971 | D:2      | Reached XP level 3. HP: 24/32 MP: 3/3
   971 | D:2      | Reached XP level 4. HP: 29/39 MP: 4/4
  1074 | D:2      | 1074 ||| INVOKING Spit Poison.
  1081 | D:2      | 1081 ||| INVOKING Spit Poison.
  1088 | D:2      | 1088 ||| INVOKING Spit Poison.
  1094 | D:2      | 1094 ||| INVOKING Spit Poison.
  1112 | D:2      | 1112 ||| INVOKING Spit Poison.
  1148 | D:2      | 1148 ||| INVOKING Spit Poison.
  1154 | D:2      | 1154 ||| INVOKING Spit Poison.
  1158 | D:2      | 1158 ||| INVOKING Spit Poison.
  1195 | D:2      | 1195 ||| INVOKING Spit Poison.
  1201 | D:2      | 1201 ||| INVOKING Spit Poison.
  1547 | D:2      | 1547 ||| READING scroll labelled WISARO WEUDO.
  1548 | D:2      | 1548 ||| READING scroll labelled KEGEC FUIKK.
  1549 | D:2      | 1549 ||| DRINKING 2 golden potions.
  1573 | D:3      | 1573 ||| PLANNING SEWER
  1575 | D:3      | Found a glowing drain.
  1576 | D:3      | 1576 ||| INVOKING Spit Poison.
  1582 | D:3      | 1582 ||| INVOKING Spit Poison.
  1585 | D:3      | 1585 ||| INVOKING Spit Poison.
  1592 | D:3      | 1592 ||| INVOKING Spit Poison.
  1596 | D:3      | 1596 ||| INVOKING Spit Poison.
  1599 | Sewer    | Entered a sewer
  1603 | Sewer    | 1603 ||| INVOKING Spit Poison.
  1608 | Sewer    | 1608 ||| INVOKING Spit Poison.
  1626 | Sewer    | 1626 ||| INVOKING Spit Poison.
  1645 | Sewer    | 1645 ||| SWAPPING to +0 orcbow.
  1646 | Sewer    | 1646 ||| INVOKING Spit Poison.
  1648 | Sewer    | 1648 ||| DROPPING +1 shortbow.
  1653 | Sewer    | 1653 ||| INVOKING Spit Poison.
  1680 | Sewer    | Noticed Pargi
  1681 | Sewer    | 1681 ||| INVOKING Spit Poison.
  1687 | Sewer    | 1687 ||| INVOKING Spit Poison.
  1688 | Sewer    | HP: 10/40 [Pargi (1)]
  1689 | Sewer    | 1689 ||| DRINKING potion of heal wounds.
  1692 | Sewer    | Killed Pargi
  1693 | Sewer    | Reached XP level 5. HP: 25/50 MP: 5/5
  1738 | Sewer    | 1738 ||| INVOKING Spit Poison.
  1745 | Sewer    | 1745 ||| INVOKING Spit Poison.
  1747 | Sewer    | 1747 ||| UPGRADING to +0 troll leather armour {Pargi}.
  1757 | Sewer    | 1757 ||| DROPPING +0 leather armour.
  1758 | Sewer    | 1758 ||| DRINKING 2 purple potions.
  1758 | Sewer    | Gained mutation: You occasionally lose the ability to drink
                  | potions when taking damage. [potion of mutation]
  1758 | Sewer    | Lost mutation: You occasionally lose the ability to drink
                  | potions when taking damage. [potion of mutation]
  1758 | Sewer    | Gained mutation: You have an increased reservoir of magic.
                  | (+10% MP) [potion of mutation]
  1772 | D:3      | 1772 ||| PLANNING D:1-11
  1787 | D:3      | 1787 ||| INVOKING Spit Poison.
  1820 | D:3      | 1820 ||| INVOKING Spit Poison.
  1823 | D:3      | 1823 ||| INVOKING Spit Poison.
  1828 | D:3      | Reached XP level 6. HP: 46/57 MP: 6/6
  1849 | D:3      | 1849 ||| Stepping ~*~*~tactically~*~*~ (outnumbered).
  1851 | D:3      | 1851 ||| Stepping ~*~*~tactically~*~*~ (outnumbered).
  1853 | D:3      | 1853 ||| Stepping ~*~*~tactically~*~*~ (outnumbered).
  1855 | D:3      | 1855 ||| Stepping ~*~*~tactically~*~*~ (outnumbered).
  1857 | D:3      | 1857 ||| INVOKING Spit Poison.
  1859 | D:3      | 1859 ||| Stepping ~*~*~tactically~*~*~ (outnumbered).
  1860 | D:3      | 1860 ||| INVOKING Spit Poison.
  1866 | D:3      | 1866 ||| INVOKING Spit Poison.
  1868 | D:3      | Noticed Robin
  1870 | D:3      | 1870 ||| INVOKING Spit Poison.
  1875 | D:3      | 1875 ||| INVOKING Spit Poison.
  1879 | D:3      | 1879 ||| INVOKING Spit Poison.
  1882 | D:3      | 1882 ||| INVOKING Spit Poison.
  1882 | D:3      | HP: 13/57 [goblin/+0 dagger[Robin] (2)]
  1887 | D:3      | 1887 ||| INVOKING Spit Poison.
  1887 | D:3      | HP: 13/57 [hobgoblin[Robin] (6)]
  1888 | D:3      | Killed Robin
  1891 | D:3      | 1891 ||| INVOKING Spit Poison.
  1892 | D:3      | 1892 ||| INVOKING Spit Poison.
  1895 | D:3      | 1895 ||| INVOKING Spit Poison.
  1900 | D:3      | 1900 ||| INVOKING Spit Poison.
  1903 | D:3      | 1903 ||| INVOKING Spit Poison.
  1956 | D:3      | 1956 ||| INVOKING Spit Poison.
  1960 | D:3      | 1960 ||| INVOKING Spit Poison.
  2011 | D:3      | Found a burning altar of Makhleb.
  2013 | D:3      | Noticed a cacodemon
  2037 | D:3      | Noticed Sigmund
  2038 | D:3      | 2038 ||| INVOKING Spit Poison.
  2041 | D:3      | Killed Sigmund
  2042 | D:3      | Reached skill level 6 in Ranged Weapons
  2045 | D:3      | 2045 ||| INVOKING Spit Poison.
  2073 | D:3      | 2073 ||| INVOKING Spit Poison.
  2077 | D:3      | 2077 ||| INVOKING Spit Poison.
  2078 | D:3      | 2078 ||| INVOKING Spit Poison.
  2083 | D:3      | 2083 ||| INVOKING Spit Poison.
  2087 | D:3      | 2087 ||| INVOKING Spit Poison.
  2089 | D:3      | Reached XP level 7. HP: 64/64 MP: 7/7
  2102 | D:3      | Found a broken altar of Ashenzari.
  2104 | D:3      | Found a shimmering altar of Xom.
  2149 | D:3      | 2149 ||| INVOKING Spit Poison.
  2150 | D:3      | 2150 ||| Stepping ~*~*~tactically~*~*~ (outnumbered).
  2155 | D:3      | 2155 ||| INVOKING Spit Poison.
  2161 | D:3      | 2161 ||| INVOKING Spit Poison.
  2165 | D:3      | 2165 ||| INVOKING Spit Poison.
  2169 | D:3      | 2169 ||| INVOKING Spit Poison.
  2175 | D:3      | 2175 ||| INVOKING Spit Poison.
  2178 | D:3      | 2178 ||| INVOKING Spit Poison.
  2180 | D:3      | Reached skill level 7 in Ranged Weapons
  2185 | D:3      | 2185 ||| INVOKING Spit Poison.
  2236 | D:3      | 2236 ||| INVOKING Spit Poison.
  2347 | D:3      | 2347 ||| INVOKING Spit Poison.
  2518 | D:3      | 2518 ||| UPGRADING to +0 helmet.
  2523 | D:3      | 2523 ||| READING scroll labelled TEDGHEKE BUATU.
  2527 | D:3      | 2527 ||| READING scroll labelled ISSIMY HIMEO.
  2528 | D:3      | 2528 ||| READING scroll labelled XEIKOS IM REMM.
  2529 | D:3      | 2529 ||| DRINKING 3 silvery potions.
  2530 | D:3      | 2530 ||| READING 2 scrolls of identify.
  2530 | D:3      | 2530 ||| IDENTIFYING yellow potion
  2531 | D:3      | 2531 ||| DROPPING 2 potions of degeneration.
  2543 | D:4      | 2543 ||| PLANNING OSSUARY
  2600 | D:4      | 2600 ||| INVOKING Spit Poison.
  2604 | D:4      | 2604 ||| INVOKING Spit Poison.
  2613 | D:4      | 2613 ||| INVOKING Spit Poison.
  2639 | D:4      | Reached skill level 1 in Armour
  2673 | D:4      | 2673 ||| INVOKING Spit Poison.
  2676 | D:4      | 2676 ||| INVOKING Spit Poison.
  2679 | D:4      | 2679 ||| INVOKING Spit Poison.
  2696 | D:4      | Found a sand-covered staircase.
  2703 | D:4      | 2703 ||| INVOKING Spit Poison.
  2708 | Ossuary  | Entered an ossuary
  2745 | Ossuary  | 2745 ||| INVOKING Spit Poison.
  2752 | Ossuary  | 2752 ||| INVOKING Spit Poison.
  2756 | Ossuary  | 2756 ||| INVOKING Spit Poison.
  2776 | Ossuary  | Reached XP level 8. HP: 71/72 MP: 8/8
  2807 | Ossuary  | 2807 ||| INVOKING Spit Poison.
  2811 | Ossuary  | 2811 ||| INVOKING Spit Poison.
  2816 | Ossuary  | 2816 ||| INVOKING Spit Poison.
  2855 | Ossuary  | Reached skill level 8 in Ranged Weapons
  2885 | Ossuary  | 2885 ||| INVOKING Spit Poison.
  2889 | Ossuary  | 2889 ||| INVOKING Spit Poison.
  2904 | Ossuary  | 2904 ||| INVOKING Spit Poison.
  2910 | Ossuary  | 2910 ||| INVOKING Spit Poison.
  2920 | Ossuary  | 2920 ||| INVOKING Spit Poison.
  2946 | Ossuary  | 2946 ||| INVOKING Spit Poison.
  2953 | Ossuary  | 2953 ||| INVOKING Spit Poison.
  2981 | Ossuary  | 2981 ||| READING scroll of enchant armour.
  2981 | Ossuary  | 2981 ||| ENCHANTING +0 pair of gloves.
  3039 | Ossuary  | 3039 ||| INVOKING Spit Poison.
  3044 | Ossuary  | Reached skill level 9 in Ranged Weapons
  3059 | Ossuary  | 3059 ||| DRINKING 2 sedimented amethyst potions.
  3060 | Ossuary  | 3060 ||| READING 4 scrolls of identify.
  3060 | Ossuary  | 3060 ||| IDENTIFYING amethyst potion
  3061 | Ossuary  | 3061 ||| READING 3 scrolls of identify.
  3061 | Ossuary  | 3061 ||| IDENTIFYING blue potion
  3062 | Ossuary  | 3062 ||| READING 2 scrolls of identify.
  3062 | Ossuary  | 3062 ||| IDENTIFYING bubbling grey potion
  3063 | Ossuary  | 3063 ||| DROPPING potion of attraction.
  3064 | Ossuary  | 3064 ||| DROPPING potion of ambrosia.
  3065 | Ossuary  | 3065 ||| DROPPING potion of magic.
  3102 | D:4      | 3102 ||| PLANNING D:1-11
  3190 | D:4      | 3190 ||| INVOKING Spit Poison.
  3195 | D:4      | 3195 ||| INVOKING Spit Poison.
  3306 | D:4      | 3306 ||| INVOKING Spit Poison.
  3315 | D:4      | Found a shadowy altar of Dithmenos.
  3371 | D:4      | Found a sparkling altar of Nemelex Xobeh.
  3442 | D:5      | Entered Level 5 of the Dungeon
  3443 | D:5      | 3443 ||| INVOKING Spit Poison.
  3446 | D:5      | 3446 ||| STAIRDANCE
  3448 | D:4      | 3448 ||| INVOKING Spit Poison.
  3462 | D:5      | 3462 ||| INVOKING Spit Poison.
  3550 | D:5      | 3550 ||| INVOKING Spit Poison.
  3604 | D:5      | 3604 ||| INVOKING Spit Poison.
  3621 | D:5      | 3621 ||| INVOKING Spit Poison.
  3623 | D:5      | Reached XP level 9. HP: 82/82 MP: 9/9
  3636 | D:5      | 3636 ||| Stepping ~*~*~tactically~*~*~ (outnumbered).
  3638 | D:5      | 3638 ||| INVOKING Spit Poison.
  3643 | D:5      | 3643 ||| INVOKING Spit Poison.
  3664 | D:5      | 3664 ||| INVOKING Spit Poison.
  3667 | D:5      | 3667 ||| INVOKING Spit Poison.
  3669 | D:5      | Reached skill level 3 in Dodging
  3742 | D:5      | 3742 ||| INVOKING Spit Poison.
  3747 | D:5      | 3747 ||| INVOKING Spit Poison.
  3749 | D:5      | Reached skill level 6 in Fighting
  3754 | D:5      | 3754 ||| INVOKING Spit Poison.
  3760 | D:5      | 3760 ||| INVOKING Spit Poison.
  3764 | D:5      | 3764 ||| INVOKING Spit Poison.
  3803 | D:5      | 3803 ||| INVOKING Spit Poison.
  3848 | D:5      | 3848 ||| INVOKING Spit Poison.
  3849 | D:5      | 3849 ||| Stepping ~*~*~tactically~*~*~ (outnumbered).
  3851 | D:5      | 3851 ||| Stepping ~*~*~tactically~*~*~ (outnumbered).
  3853 | D:5      | 3853 ||| INVOKING Spit Poison.
  3912 | D:5      | 3912 ||| INVOKING Spit Poison.
  4079 | D:5      | 4079 ||| READING 4 scrolls of identify.
  4079 | D:5      | 4079 ||| IDENTIFYING sedimented brown potion
  4080 | D:5      | 4080 ||| READING 3 scrolls of identify.
  4080 | D:5      | 4080 ||| IDENTIFYING glowing brown potion
  4081 | D:5      | 4081 ||| DROPPING potion of brilliance.
  4115 | D:6      | 4115 ||| INVOKING Spit Poison.
  4128 | D:6      | Found a basalt altar of Yredelemnul.
  4171 | D:6      | 4171 ||| INVOKING Spit Poison.
  4175 | D:6      | 4175 ||| INVOKING Spit Poison.
  4183 | D:6      | 4183 ||| INVOKING Spit Poison.
  4186 | D:6      | 4186 ||| INVOKING Spit Poison.
  4190 | D:6      | 4190 ||| INVOKING Spit Poison.
  4213 | D:6      | Reached skill level 10 in Ranged Weapons
  4213 | D:6      | 4213 ||| INVOKING Spit Poison.
  4216 | D:6      | 4216 ||| INVOKING Spit Poison.
  4260 | D:6      | 4260 ||| INVOKING Spit Poison.
  4277 | D:6      | 4277 ||| READING scroll of enchant weapon.
  4277 | D:6      | 4277 ||| ENCHANTING +0 orcbow.
  4290 | D:6      | 4290 ||| INVOKING Spit Poison.
  4293 | D:6      | 4293 ||| INVOKING Spit Poison.
  4297 | D:6      | 4297 ||| INVOKING Spit Poison.
  4300 | D:6      | 4300 ||| DRINKING 4 potions of curing.
  4300 | D:6      | 4300 ||| (to cure confusion)
  4301 | D:6      | 4301 ||| INVOKING Spit Poison.
  4304 | D:6      | 4304 ||| INVOKING Spit Poison.
  4312 | D:6      | 4312 ||| INVOKING Spit Poison.
  4313 | D:6      | 4313 ||| INVOKING Spit Poison.
  4338 | D:6      | 4338 ||| INVOKING Spit Poison.
  4482 | D:6      | 4482 ||| INVOKING Spit Poison.
  4875 | D:6      | 4875 ||| READING scroll labelled INECEN HISK.
  4876 | D:6      | 4876 ||| READING 2 scrolls of identify.
  4876 | D:6      | 4876 ||| IDENTIFYING smoky sapphire potion
  4896 | D:7      | 4896 ||| INVOKING Spit Poison.
  4903 | D:7      | 4903 ||| INVOKING Spit Poison.
  4948 | D:7      | Reached XP level 10. HP: 93/94 MP: 11/11
  4968 | D:7      | 4968 ||| INVOKING Spit Poison.
  4970 | D:7      | Reached skill level 11 in Ranged Weapons
  4972 | D:7      | 4972 ||| INVOKING Spit Poison.
  4978 | D:7      | 4978 ||| INVOKING Spit Poison.
  4985 | D:7      | 4985 ||| INVOKING Spit Poison.
  4988 | D:7      | 4988 ||| INVOKING Spit Poison.
  4997 | D:7      | 4997 ||| INVOKING Spit Poison.
  5001 | D:7      | 5001 ||| INVOKING Spit Poison.
  5017 | D:7      | 5017 ||| INVOKING Spit Poison.
  5150 | D:7      | 5150 ||| INVOKING Spit Poison.
  5154 | D:7      | 5154 ||| INVOKING Spit Poison.
  5189 | D:7      | 5189 ||| INVOKING Spit Poison.
  5190 | D:7      | 5190 ||| Stepping ~*~*~tactically~*~*~ (cloud).
  5193 | D:7      | 5193 ||| INVOKING Spit Poison.
  5200 | D:7      | 5200 ||| INVOKING Spit Poison.
  5203 | D:7      | 5203 ||| Stepping ~*~*~tactically~*~*~ (cloud).
  5338 | D:7      | 5338 ||| INVOKING Spit Poison.
  5505 | D:7      | 5505 ||| INVOKING Spit Poison.
  5574 | D:7      | Found a staircase to the Ecumenical Temple.
  5575 | D:7      | 5575 ||| PLANNING TEMPLE
  5575 | D:7      | 5575 ||| UPGRADING to +0 cloak.
  5580 | D:7      | 5580 ||| READING scroll labelled OGEAFU BISAO.
  5581 | D:7      | 5581 ||| DRINKING 2 brown potions.
  5582 | D:7      | 5582 ||| DROPPING potion of invisibility.
  5588 | Temple   | Entered the Ecumenical Temple
  5602 | Temple   | 5602 ||| PLANNING OKAWARU WORSHIP
  5679 | Temple   | Became a worshipper of Warmaster Okawaru
  5680 | Temple   | 5680 ||| PLANNING D:1-11
  6046 | D:8      | 6046 ||| Stepping ~*~*~tactically~*~*~ (outnumbered).
  6047 | D:8      | 6047 ||| INVOKING Spit Poison.
  6051 | D:8      | 6051 ||| INVOKING Spit Poison.
  6058 | D:8      | 6058 ||| INVOKING Spit Poison.
  6272 | D:8      | 6272 ||| INVOKING Spit Poison.
  6359 | D:8      | 6359 ||| INVOKING Spit Poison.
  6715 | D:9      | 6715 ||| INVOKING Spit Poison.
  6718 | D:9      | Noticed a two-headed ogre
  6719 | D:9      | 6719 ||| INVOKING Spit Poison.
  6719 | D:9      | Noticed Maggie
  6722 | D:9      | 6722 ||| INVOKING Spit Poison.
  6726 | D:9      | 6726 ||| STAIRDANCE
  6728 | D:8      | 6728 ||| INVOKING Spit Poison.
  6729 | D:8      | Killed a two-headed ogre
  6729 | D:8      | Reached * piety under Okawaru
  6742 | D:9      | 6742 ||| INVOKING Spit Poison.
  6748 | D:9      | 6748 ||| INVOKING Spit Poison.
  6751 | D:9      | 6751 ||| INVOKING Heroism.
  6757 | D:9      | 6757 ||| INVOKING Spit Poison.
  6761 | D:9      | 6761 ||| Waiting to end mesmerise (stuck).
  6762 | D:9      | 6762 ||| INVOKING Heroism.
  6763 | D:9      | 6763 ||| INVOKING Spit Poison.
  6764 | D:9      | Killed Maggie
  6765 | D:9      | Reached skill level 1 in Invocations
  6840 | D:9      | 6840 ||| INVOKING Spit Poison.
  6844 | D:9      | 6844 ||| INVOKING Spit Poison.
  6852 | D:9      | 6852 ||| INVOKING Spit Poison.
  6857 | D:9      | 6857 ||| INVOKING Spit Poison.
  6859 | D:9      | 6859 ||| INVOKING Heroism.
  6866 | D:9      | 6866 ||| INVOKING Spit Poison.
  6868 | D:9      | HP: 21/96 [wight/+0 spear (9)]
  6869 | D:9      | 6869 ||| READING 2 scrolls of teleportation.
  6870 | D:9      | 6870 ||| DRINKING 3 potions of heal wounds.
  6875 | D:9      | 6875 ||| INVOKING Spit Poison.
  6875 | D:9      | Noticed Joseph
  6876 | D:9      | Reached skill level 12 in Ranged Weapons
  6876 | D:9      | Reached skill level 3 in Invocations
  6879 | D:9      | 6879 ||| INVOKING Heroism.
  6882 | D:9      | 6882 ||| INVOKING Spit Poison.
  6882 | D:9      | HP: 24/96 [Joseph/sling bullet (3)]
  6883 | D:9      | 6883 ||| READING scroll of teleportation.
  6884 | D:9      | 6884 ||| DRINKING 2 potions of heal wounds.
  6928 | D:9      | 6928 ||| INVOKING Spit Poison.
  6930 | D:9      | 6930 ||| INVOKING Heroism.
  6966 | D:9      | 6966 ||| INVOKING Spit Poison.
  6971 | D:9      | Noticed Gastronok
  6972 | D:9      | 6972 ||| INVOKING Heroism.
  6973 | D:9      | 6973 ||| INVOKING Spit Poison.
  6988 | D:9      | 6988 ||| INVOKING Spit Poison.
  6993 | D:9      | 6993 ||| INVOKING Spit Poison.
  6997 | D:9      | 6997 ||| INVOKING Spit Poison.
  6999 | D:9      | Killed Gastronok
  6999 | D:9      | Reached ** piety under Okawaru
  7000 | D:9      | Reached XP level 11. HP: 103/103 MP: 14/16
  7041 | D:9      | 7041 ||| INVOKING Heroism.
  7043 | D:9      | 7043 ||| INVOKING Spit Poison.
  7047 | D:9      | 7047 ||| INVOKING Spit Poison.
  7215 | D:9      | 7215 ||| DRINKING 3 potions of curing.
  7215 | D:9      | 7215 ||| (to cure confusion)
  7216 | D:9      | 7216 ||| INVOKING Spit Poison.
  7218 | D:9      | You fall into a shaft and drop 2 floors!
  7219 | D:11     | 7219 ||| DROPPING ring of fire.
  7220 | D:11     | 7220 ||| UPGRADING to ring of positive energy.
  7221 | D:11     | 7221 ||| UPGRADING to ring of protection from fire.
  7229 | D:10     | Entered Level 10 of the Dungeon
  7233 | D:10     | Noticed Sonja
  7235 | D:10     | 7235 ||| INVOKING Spit Poison.
  7238 | D:10     | 7238 ||| INVOKING Spit Poison.
  7239 | D:10     | 7239 ||| INVOKING Heroism.
  7243 | D:10     | Killed Sonja
  7243 | D:10     | Reached *** piety under Okawaru
  7295 | D:9      | 7295 ||| INVOKING Spit Poison.
  7301 | D:9      | 7301 ||| INVOKING Spit Poison.
  7307 | D:9      | 7307 ||| INVOKING Spit Poison.
  7352 | D:9      | 7352 ||| INVOKING Heroism.
  7356 | D:9      | 7356 ||| INVOKING Spit Poison.
  7365 | D:9      | 7365 ||| INVOKING Spit Poison.
  7368 | D:9      | Killed Joseph
  7369 | D:9      | Reached skill level 13 in Ranged Weapons
  7395 | D:9      | 7395 ||| INVOKING Spit Poison.
  7477 | D:9      | Noticed a +0 short sword
  7483 | D:9      | Found a hide-covered altar of Uskayaw.
  7483 | D:9      | Noticed a +0 falchion
  7483 | D:9      | Noticed a +0 spear
  7484 | D:9      | Noticed a +0 spear
  7485 | D:9      | Noticed a +0 dagger
  7486 | D:9      | Noticed a +0 dagger
  7486 | D:9      | Noticed a +0 falchion
  7487 | D:9      | Noticed a +0 short sword
  7595 | D:9      | 7595 ||| READING scroll labelled FEBRUIH JECK.
  7706 | D:10     | 7706 ||| INVOKING Spit Poison.
  7711 | D:10     | 7711 ||| INVOKING Spit Poison.
  7822 | D:10     | Found a staircase to the Lair.
  7900 | D:10     | Found an ancient bone altar of Kikubaaqudgha.
  7954 | D:10     | 7954 ||| INVOKING Heroism.
  7955 | D:10     | 7955 ||| INVOKING Spit Poison.
  7958 | D:10     | 7958 ||| Stepping ~*~*~tactically~*~*~ (outnumbered).
  7961 | D:10     | 7961 ||| INVOKING Spit Poison.
  7965 | D:10     | 7965 ||| INVOKING Spit Poison.
  7975 | D:10     | Noticed Nergalle
  7976 | D:10     | 7976 ||| INVOKING Spit Poison.
  7977 | D:10     | 7977 ||| INVOKING Spit Poison.
  7980 | D:10     | 7980 ||| INVOKING Heroism.
  7985 | D:10     | 7985 ||| INVOKING Spit Poison.
  7993 | D:10     | Killed Nergalle
  8107 | D:10     | 8107 ||| INVOKING Heroism.
  8110 | D:10     | 8110 ||| INVOKING Spit Poison.
  8118 | D:10     | 8118 ||| INVOKING Spit Poison.
  8125 | D:10     | Reached skill level 9 in Fighting
  8251 | D:10     | 8251 ||| PLANNING LAIR
  8251 | D:10     | 8251 ||| DROPPING amulet of guardian spirit.
  8300 | Lair:1   | Entered Level 1 of the Lair of Beasts
  8301 | Lair:1   | 8301 ||| INVOKING Spit Poison.
  8309 | Lair:1   | 8309 ||| INVOKING Spit Poison.
  8310 | Lair:1   | 8310 ||| STAIRDANCE
  8316 | D:10     | 8316 ||| INVOKING Spit Poison.
  8320 | D:10     | 8320 ||| INVOKING Heroism.
  8321 | D:10     | 8321 ||| INVOKING Spit Poison.
  8327 | D:10     | 8327 ||| INVOKING Spit Poison.
  8327 | D:10     | HP: 23/106 [yak (12)]
  8328 | D:10     | 8328 ||| DRINKING potion of heal wounds.
  8335 | D:10     | 8335 ||| INVOKING Spit Poison.
  8386 | Lair:1   | Noticed Harold
  8387 | Lair:1   | 8387 ||| INVOKING Heroism.
  8393 | Lair:1   | 8393 ||| INVOKING Spit Poison.
  8402 | Lair:1   | 8402 ||| INVOKING Spit Poison.
  8402 | Lair:1   | HP: 26/106 [Harold/+0 trident (6)]
  8405 | Lair:1   | HP: 10/106 [wolf (7)]
  8406 | Lair:1   | 8406 ||| INVOKING Spit Poison.
  8406 | Lair:1   | Mangled by Harold

Levels and vault maps discovered:
D:1:      kb_arrival_jail, layout_rooms, serial_forest, infiniplex_forest_pool,
          infiniplex_forest_clump_diagonal, infiniplex_forest_lined_corner,
          infiniplex_forest_split, infiniplex_forest_lined_1,
          infiniplex_forest_zigzag_1, infiniplex_forest_lined_3_way,
          infiniplex_forest_clump_medium, infiniplex_forest_clump_small,
          shapermc_ecumenical_altar_ellora, dreamdust_princess_bridge,
          minmay_misc_feat_five, chequers_serial_rivers_small_3,
          hangedman_glass_teeth, corexii_corridor_pit, minmay_tetromino_t4
D:2:      layout_loops_ring
D:3:      layout_loops_ring, jmf_multi_god_temple, makhleb_altar_promises_db,
          cheibrodos_sewer_entry_drain, uniq_robin, uniq_sigmund
D:4:      layout_basic, mainiacjoe_overflow_small_starburst, lemuel_round_altar,
          enter_ossuary_3
D:5:      minmay_spotlight, layout_loops_ring, mrwooster_statue_mirror
D:6:      layout_loops_ring, nicolae_overflow_crystal_walls
D:7:      layout_loops_ring, temple_green, chequers_serial_rivers_small_3,
          chequers_garden
D:8:      layout_cave_pods, serial_glass, glass_columns_a, glass_columns_b
D:9:      layout_long_grid, nicolae_uskayaw_en_pointe, uniq_joseph,
          uniq_gastronok, uniq_maggie
D:10:     layout_roguey, kennysheep_vampire_church, uniq_nergalle, uniq_sonja
D:11:     layout_stronghold, erik_orc_3, minmay_misc_feat_x
Temple:   nicolae_temple_great_sept
Lair:1:   layout_big_grid, lemuel_oklob_altar, uniq_harold

Skill      XL: |  1  2  3  4  5  6  7  8  9 10 11 |
---------------+----------------------------------+-----
Ranged Weapons | 4 5 6 7 9 10 12 13 | 13.1
Fighting       | 4 5 7 8 9 |  9.0
Armour         | 1 2 |  2.3
Dodging        | 2 3 4 5 |  5.0
Invocations    | 5 |  5.1
Stealth        | |  1.5

Action                     |  1- 3 |  4- 6 |  7- 9 | 10-12 || total
---------------------------+-------+-------+-------+-------++-------
   Fire: Shortbow          |    35 |    35 |       |       ||    70
         Orcbow            |       |    68 |   438 |   373 ||   879
 Invoke: Heroism           |       |       |       |    14 ||    14
Ability: Spit Poison       |    17 |    47 |    72 |    70 ||   206
    Use: Scroll            |     4 |     2 |    13 |     4 ||    23
         Potion            |       |     3 |     3 |     5 ||    11
 Armour: Leather armour    |     6 |    13 |       |       ||    19
         Troll leather arm |       |    53 |    95 |    88 ||   236
  Dodge: Dodged            |    13 |    79 |   118 |   181 ||   391

Table legend:
 A = Non-vault XP
 B = Vault XP
 C = Vault XP percentage of total XP
 D = Non-vault monster count
 E = Vault monster count
 F = Vault count percentage of total count
                 A         B        C        D         E       F
            +---------+---------+-------+---------+---------+-------
      Total |    9434 |    5996 |  38.9 |     197 |      80 |  28.9
            +---------+---------+-------+---------+---------+-------
        D:1 |      22 |       8 |  26.7 |      14 |       4 |  22.2
        D:2 |     113 |       0 |   0.0 |      17 |       0 |   0.0
        D:3 |     174 |     360 |  67.4 |      20 |      18 |  47.4
        D:4 |     319 |       1 |   0.3 |      19 |       1 |   5.0
        D:5 |     570 |     343 |  37.6 |      16 |       6 |  27.3
        D:6 |    1243 |       0 |   0.0 |      27 |       0 |   0.0
        D:7 |    1295 |       0 |   0.0 |      22 |       0 |   0.0
        D:8 |    1553 |       0 |   0.0 |      13 |       0 |   0.0
        D:9 |    2521 |    2342 |  48.2 |      30 |       3 |   9.1
       D:10 |    1186 |    1684 |  58.7 |      16 |      10 |  38.5
     Lair:1 |     438 |       0 |   0.0 |       3 |       0 |   0.0
      Sewer |       0 |     147 | 100.0 |       0 |       8 | 100.0
    Ossuary |       0 |    1111 | 100.0 |       0 |      30 | 100.0
            +---------+---------+-------+---------+---------+-------
